 Dungeon Crawl Stone Soup version 0.31.0-32-g396128a36d (webtiles) character file.

Game seed: 13699462254701184497

56489 spaghetti the Thaumaturge (level 14, -8/141 (143) HPs)
             Began as an Oni Summoner on Mar 8, 2024.
             Was the Champion of Kikubaaqudgha.
             Mangled by a boulder beetle (13 damage)
             ... on level 13 of the Dungeon.
             The game lasted 01:02:47 (23181 turns).

spaghetti the Thaumaturge (Oni Summoner)           Turns: 23181, Time: 01:02:48

HP:   -8/141 (143)  AC:  6    Str: 19    XL:     14   Next: 82%
MP:   38/50         EV: 12    Int: 21    God:    Kikubaaqudgha [******]
Gold: 1659          SH:  0    Dex:  8    Spells: 3/42 levels left

rFire   . . .        H - staff of death
rCold   . . .        (no shield)
rNeg    + . .        a - +1 robe
rPois   +            P - +2 hat
rElec   .            (no cloak)
rCorr   .            (gloves unavailable)
SInv    .            (boots unavailable)
Will    +....        d - amulet of Gyjeb {RegenMP Harm Regen+ Int+2}
Stlth   +            e - ring of magical power
HPRegen 2.03/turn    M - ring of magical power
MPRegen 0.72/turn

%: harm (+30% outgoing, +20% incoming)
@: about to teleport, death channelling, animating dead, studying 2 skills,
lightly drained
A: large, unfitting armour, horns 1, tough skin 1, double potion healing,
drunken brawling, poison resistance, regeneration 1, strong 1
a: Renounce Religion, Unearth Wretches, Torment, Brand Weapon With Pain, Receive
Forbidden Knowledge


You were on level 13 of the Dungeon.
You worshipped Kikubaaqudgha.
Kikubaaqudgha was exalted by your worship.
You visited 3 branches of the dungeon, and saw 20 of its levels.
You also visited: Ice Cave.

You collected 1659 gold pieces.

Inventory:

Hand Weapons
 f - a +5 giant spiked club of venom
 r - a +4 flail of protection
 A - a +3 halberd of pain
Missiles
 j - 11 large rocks
 t - a throwing net
Armour
 a - a +1 robe (worn)
 I - +0 swamp dragon scales
 P - a +2 hat (worn)
Magical Staves
 H - a staff of death (weapon)
Jewellery
 d - the amulet of Gyjeb (around neck) {RegenMP Harm Regen+ Int+2}
   (You took it off an orc wizard on level 7 of the Dungeon)

   [amulet of magic regeneration]

   RegenMP:   It increases your rate of magic regeneration.
   Int+2:     It affects your intelligence (+2).
   Regen+:    It increases your rate of health regeneration.
   Harm:      It increases damage dealt and taken.
 e - a ring of magical power (left hand)
 n - a ring of ice
 p - an amulet of guardian spirit
 q - a ring of poison resistance
 C - an amulet of magic regeneration
 J - a ring of see invisible
 M - a ring of magical power (right hand)
 N - a ring of flight
 Q - a +6 ring of dexterity
Wands
 o - a wand of iceblast (12)
 x - a wand of polymorph (17)
 y - a wand of paralysis (22)
 D - a wand of mindburst (11)
 K - a wand of flame (23)
Scrolls
 c - 2 scrolls of amnesia
 i - 2 scrolls of immolation
 k - 4 scrolls of vulnerability
 s - 2 scrolls of silence
 w - 5 scrolls of noise
 G - 3 scrolls of revelation
 L - a scroll of summoning
 O - a scroll of enchant armour
Potions
 b - a potion of magic
 g - 4 potions of curing
 h - 4 potions of degeneration
 l - a potion of heal wounds
 m - 4 potions of haste
 v - 3 potions of attraction
 z - 4 potions of brilliance {unknown}
 B - a potion of invisibility
 E - 2 potions of mutation
 R - a potion of berserk rage


   Skills:
 - Level 10.0 Fighting
 - Level 10.0 Dodging
 - Level 1.4 Stealth
 + Level 14.8 Spellcasting
 - Level 12.0 Summonings
 + Level 10.9 Necromancy
 - Level 5.0 Air Magic


You had 3 spell levels left.
You knew the following spells:

 Your Spells              Type           Power      Damage    Failure   Level
a - Call Canine Familiar  Summ           60%        N/A       1%          3
b - Animate Dead          Necr           75%        N/A       1%          4
c - Death Channel         Necr           37%        N/A       7%          6
d - Summon Lightning Spi  Summ/Air       50%        N/A       1%          4
e - Summon Blazeheart Go  Fire/Summ      40%        N/A       3%          4
f - Call Imp              Summ           100%       N/A       1%          2
g - Haunt                 Necr/Summ      38%        N/A       30%         7
h - Summon Small Mammal   Summ           100%       N/A       1%          1
i - Infestation           Necr           37%        N/A       96%         8

Your spell library contained the following spells:

 Spells                   Type           Power      Damage    Failure   Level
 Kiss of Death            Conj/Necr      100%       2d13      1%          1
 Necrotise                Necr           100%       1d9       1%          1
 Sublimation of Blood     Necr           75%        N/A       1%          2
 Fugue of the Fallen      Necr           75%        N/A       1%          3
 Apportation              Tloc           30%        N/A       4%          1
 Sting                    Conj/Alch      60%        1d6       4%          1
 Ensorcelled Hibernation  Hex/Ice        30%        N/A       6%          2
 Jinxbite                 Hex            30%        N/A       6%          2
 Confusing Touch          Hex            15%        N/A       12%         3
 Dispel Undead            Necr           75%        3d25      1%          4
 Martyr's Knell           Necr/Summ      77%        N/A       1%          4
 Anguish                  Hex/Necr       27%        N/A       4%          4
 Borgnjor's Vile Clutch   Necr/Erth      27%        N/A       12%         5
 Vhi's Electric Charge    Tloc/Air       52%        N/A       14%         4
 Iskenderun's Mystic Bla  Conj/Tloc      15%        2d5       36%         4
 Olgreb's Toxic Radiance  Alch           15%        N/A       36%         4
 Passage of Golubria      Tloc           15%        N/A       36%         4
 Arcjolt                  Conj/Air       13%        1d23      36%         5
 Silence                  Hex/Air        13%        N/A       36%         5
 Alistair's Intoxication  Alch           10%        N/A       73%         5
 Iskenderun's Battlesphe  Conj           15%        2d7       73%         5
 Yara's Violent Unravell  Hex/Alch       7%         3d5       73%         5
 Ozocubu's Refrigeration  Ice            7%         4d9       100%        7
 Discord                  Hex            7%         N/A       100%        8
 Lehudib's Crystal Spear  Conj/Erth      7%         10d3      100%        8
 Maxwell's Capacitive Co  Air            18%        ∞         100%        8
 Chain Lightning          Conj/Air       13%        3d17      100%        9
 Fire Storm               Conj/Fire      7%         8d2       100%        9
 Shatter                  Erth           7%         3d10*     100%        9


Dungeon Overview and Level Annotations

Branches:
Dungeon (14/15) Temple (1/1) D:7 Lair (5/5) D:8 Shoals (0/4) Lair:3 Snake (0/4) Lair:2 Slime (0/5) Lair:4 Orc (0/2) D:9 Vaults (0/5) D:13 D:14 IceCv (visited)

Altars:
Ashenzari
Cheibriados
Dithmenos
Elyvilon
Fedhas
Gozag
Hepliaklqana
Kikubaaqudgha
Makhleb
Nemelex Xobeh
Okawaru
Qazlal
Ru
Sif Muna
Trog
Uskayaw
Vehumet
Wu Jian
Xom
Yredelemnul
Zin
The Shining One
Jiyva

Shops:
D:1 [   D:6 :

Annotations:
D:13 Rupert
D:14 Azrael
Lair:2 1 exclusion
Lair:5 chippings's ghost, journeyman DrAl


Innate Abilities, Weirdness & Mutations

You are too large for most types of armour.
You have a pair of small horns on your head.
You have tough skin. (AC +1)
You gain doubled healing and magic from potions.
Whenever you drink a healing potion, you attack all around you.
Your system is resistant to poisons. (rPois)
Your natural rate of healing is unusually fast.
Your muscles are strong. (Str +4, Int/Dex -1)


Message History

Your shadow wraith closely misses the human.
The human misses your wraith. The human hits you but does no damage.
The human misses you. The human hits you.
* * * LOW HITPOINT WARNING * * *
The boulder beetle bites you!
* * * LOW HITPOINT WARNING * * *
Unknown command.
Unknown command.
As you read the scroll of teleportation, it crumbles to dust.
You feel strangely unstable. The vampire mosquito bites you.
* * * LOW HITPOINT WARNING * * *
The vampire mosquito draws strength from your injuries!
The vampire mosquito completely misses you.
The vampire mosquito bites you.
* * * LOW HITPOINT WARNING * * *
Your wraith barely misses the vampire mosquito.
Your shadow wraith hits the human!!
The human dies!
Kikubaaqudgha accepts your kill.
The dead are walking!
The human barely misses you. The human hits you.
* * * LOW HITPOINT WARNING * * *
The human barely misses you. The boulder beetle closely misses you.
The vampire mosquito misses you.
Unknown command.
Unknown command.
You closely miss the vampire mosquito.
Your headbutt misses the vampire mosquito.
The vampire mosquito is heavily damaged.
The vampire mosquito barely misses you. The vampire mosquito bites you.
* * * LOW HITPOINT WARNING * * *
The vampire mosquito draws strength from your injuries!
The vampire mosquito bites you.
* * * LOW HITPOINT WARNING * * *
The human hits you.
* * * LOW HITPOINT WARNING * * *
The human hits you!
* * * LOW HITPOINT WARNING * * *
The human barely misses you. The boulder beetle bites you!
You die...
Kikubaaqudgha rasps: "You have failed me!
Welcome... death!"

#......#......## #.#
#......#..##...# #.#
#......#...#+#.# ##.#
#......#.......###..##
#......#........#....#
#......#........#.##.#
########.......W.)##.#
#.....W##py...#
#######Wy@p.#####
#Z#pB.....#
#.#######.#
#.......#.#
#######.#.# #.#.#
#...# #####


You could see a boulder beetle, 3 humans, 2 vampire mosquitoes, a friendly
shadow wraith (summoned, invisible), 2 friendly wraiths and a friendly human
zombie.

Vanquished Creatures
  A two-headed ogre (D:7)
  Lodul (D:12)
  2 ugly things (D:13)
  A black mamba (shapeshifter) (D:13)
  A salamander (Lair:2)
  2 gargoyles (D:11)
  3 cane toads
  A rime drake (Lair:1)
  Maggie (D:10)
  A troll (D:11)
  A wraith (D:11)
  4 yaks
  A spriggan (shapeshifter) (D:13)
  2 wyverns
  2 vampire mosquitoes (D:12)
  A swamp worm (Lair:3)
  3 water moccasins
  A black bear (Lair:2)
  An orc warrior (D:11)
  A sky beast (D:7)
  3 ogres (D:12)
  2 wolves (Lair:4)
  A phantom (D:7)
  A kobold brigand (D:9)
  A gnoll sergeant (D:6)
  2 bullfrogs (D:9)
  A necrophage (D:9)
  A howler monkey (D:9)
  A jelly (Lair:4)
  2 hounds
  A human zombie (D:9)
  An orc priest (D:10)
  2 orc wizards
  A killer bee zombie (D:9)
  A mummy (D:9)
  A shadow imp (D:7)
  5 white imps (D:12)
  3 orcs
  2 giant cockroaches (D:4)
  A goblin (D:1)
  A hobgoblin (D:1)
  3 kobolds
  3 ball pythons
  3 bats
74 creatures vanquished.

Vanquished Creatures (collateral kills)
  Kirke (D:12)
  Josephine (D:11)
  2 hydras (Lair:5)
  4 catoblepae
  2 boulder beetles
  2 two-headed ogres
  17 death yaks
  2 skysharks
  2 ugly things
  A deep elf pyromancer (D:12)
  A cyclops (D:13)
  6 elephants
  3 manticores
  4 black mambas
  8 cane toads
  3 rime drakes (Lair:5)
  An efreet (D:13)
  7 komodo dragons
  An unseen horror zombie (D:9)
  2 polar bears
  4 trolls
  7 blink frogs
  5 wraiths
  2 shadows (D:12)
  A human (D:13)
  38 yaks
  5 wyverns
  4 hogs (D:12)
  Grum (D:9)
  A warg (D:9)
  3 vampire mosquitoes
  2 swamp worms (Lair:3)
  9 water moccasins
  Edmund (D:4)
  3 black bears
  A sky beast (D:8)
  2 ice beasts
  2 orc warriors (D:9)
  2 laughing skulls (D:13)
  13 wolves
  7 ogres
  8 centaurs
  2 phantoms (D:5)
  4 kobold brigands
  A gnoll sergeant (D:5)
  14 bullfrogs
  3 scorpions
  12 wights
  4 killer bees (D:7)
  2 howler monkeys (D:9)
  A lava snake (Lair:2)
  2 bombardier beetles
  A centaur zombie (D:9)
  5 jellies
  3 hounds
  2 gnoll boudas (D:6)
  4 orc priests
  5 iguanas
  13 orc wizards
  A killer bee zombie (D:9)
  A nameless horror (D:8)
  4 mummies (D:9)
  14 gnolls
  9 adders
  A shadow imp (D:5)
  7 white imps (D:12)
  An ufetubus (D:7)
  27 orcs
  7 endoplasms
  5 giant cockroaches
  5 goblins
  10 hobgoblins
  2 jackals (D:2)
  3 quokkas
  3 ball pythons (D:2)
  3 bats
  2 frilled lizards
  29 kobolds
  5 rats
408 creatures vanquished.

Vanquished Creatures (others)
  An ugly thing zombie (D:12)
  2 death yak zombies (Lair:5)
  A catoblepas zombie (Lair:5)
  A human zombie (D:11)
  A cane toad zombie (Lair:4)
  2 blink frog zombies (Lair:5)
  A komodo dragon zombie (Lair:5)
  A rime drake zombie (Lair:1)
  2 wyvern zombies
  2 water moccasin zombies
  A polar bear zombie (Lair:5)
  9 yak zombies
  3 wolf zombies (Lair:3)
  A bullfrog zombie (Lair:1)
  A black bear zombie (Lair:2)
  A hound zombie (D:7)
  A howler monkey zombie (D:9)
  A lava snake zombie (Lair:2)
  An endoplasm (Lair:4)
  3 endoplasm zombies (Lair:4)
  2 orc zombies (D:9)
  5 blazeheart cores
43 creatures vanquished.

Grand Total: 525 creatures vanquished

Notes
Turn   | Place    | Note
-------+----------+-------------------------------------------
     0 | D:1      | spaghetti the Oni Summoner began the quest for the Orb.
     0 | D:1      | Reached XP level 1. HP: 16/16 MP: 3/3
    76 | D:1      | Found a faded altar of an unknown god.
   123 | D:1      | Found Fucouthri's Antique Armour Boutique.
   410 | D:1      | Reached XP level 2. HP: 21/24 MP: 3/5
   542 | D:1      | Reached skill level 3 in Spellcasting
   645 | D:1      | Learned a level 2 spell: Call Imp
  1591 | D:2      | Reached XP level 3. HP: 31/31 MP: 7/7
  1708 | D:2      | Learned a level 3 spell: Call Canine Familiar
  1740 | D:2      | Reached skill level 1 in Fighting
  1765 | D:2      | Reached XP level 4. HP: 41/41 MP: 9/9
  2766 | D:3      | Learned a level 4 spell: Summon Lightning Spire
  2991 | D:3      | Reached skill level 4 in Spellcasting
  3173 | D:3      | Reached XP level 5. HP: 49/49 MP: 11/11
  3415 | D:3      | Found an iron altar of Okawaru.
  3419 | D:3      | Found a hazy altar of Hepliaklqana.
  3420 | D:3      | Found a broken altar of Ashenzari.
  3422 | D:3      | Found a shadowy altar of Dithmenos.
  3422 | D:3      | Found a white marble altar of Elyvilon.
  3423 | D:3      | Found a bloodstained altar of Trog.
  3425 | D:3      | Found a sacrificial altar of Ru.
  3429 | D:3      | Reached skill level 1 in Air Magic
  3864 | D:4      | Noticed Edmund
  3925 | D:4      | Killed Edmund
  3926 | D:4      | Reached XP level 6. HP: 61/61 MP: 6/12
  4852 | D:5      | Entered Level 5 of the Dungeon
  5067 | D:5      | Found a glowing silver altar of Zin.
  5067 | D:5      | Found an opulent altar of Gozag.
  5095 | D:5      | Reached skill level 5 in Summonings
  5095 | D:5      | Reached XP level 7. HP: 68/68 MP: 12/14
  5162 | D:5      | Found a burning altar of Makhleb.
  5186 | D:5      | Reached skill level 5 in Spellcasting
  5756 | D:5      | Reached XP level 8. HP: 79/79 MP: 16/16
  5942 | D:5      | Reached skill level 5 in Fighting
  5995 | D:5      | Learned a level 4 spell: Summon Blazeheart Golem
  6394 | D:6      | Found Quesap's Vocational Training.
  6884 | D:6      | Reached skill level 5 in Air Magic
  6889 | D:6      | Reached skill level 6 in Spellcasting
  7079 | D:6      | Reached XP level 9. HP: 91/92 MP: 5/18
  7296 | D:6      | Reached skill level 7 in Spellcasting
  7861 | D:7      | Found a staircase to the Ecumenical Temple.
  7870 | Temple   | Entered the Ecumenical Temple
  7876 | Temple   | Became a worshipper of Kikubaaqudgha
  8250 | D:7      | Noticed a troll
  8695 | D:7      | Identified the amulet of Gyjeb {RegenMP Harm Regen+ Int+2}
  8806 | D:7      | Learned a level 4 spell: Animate Dead
  8807 | D:7      | Got Sif Muna's Tome of the Frigid Curse
  8990 | D:7      | Noticed a two-headed ogre
  9015 | D:7      | Killed a two-headed ogre
  9016 | D:7      | Reached skill level 8 in Spellcasting
  9016 | D:7      | Reached skill level 1 in Necromancy
  9016 | D:7      | Reached XP level 10. HP: 86/106 MP: 17/22
  9025 | D:7      | Reached * piety under Kikubaaqudgha
  9025 | D:7      | Received a gift from Kikubaaqudgha
  9988 | D:8      | Noticed an elephant
 10240 | D:8      | Killed an elephant
 10560 | D:8      | Found a staircase to the Lair.
 11169 | D:8      | Learned a level 7 spell: Haunt
 11376 | D:9      | Found a staircase to the Orcish Mines.
 11407 | D:9      | Reached ** piety under Kikubaaqudgha
 11568 | D:9      | Noticed Grum
 11609 | D:9      | Killed Grum
 11610 | D:9      | Reached skill level 10 in Fighting
 11610 | D:9      | Reached skill level 9 in Spellcasting
 11837 | D:9      | Found a shimmering altar of Xom.
 11837 | D:9      | Found a shimmering altar of Xom.
 11837 | D:9      | Found a shimmering altar of Xom.
 11838 | D:9      | Found a shimmering altar of Xom.
 11838 | D:9      | Found a shimmering altar of Xom.
 12039 | D:9      | Found a basalt altar of Yredelemnul.
 12072 | D:9      | Reached skill level 5 in Dodging
 12072 | D:9      | Reached XP level 11. HP: 114/117 MP: 24/24
 12252 | D:9      | Reached *** piety under Kikubaaqudgha
 12252 | D:9      | Received a gift from Kikubaaqudgha
 12492 | D:10     | Entered Level 10 of the Dungeon
 12901 | D:10     | Reached skill level 5 in Necromancy
 12931 | D:10     | Noticed Maggie
 12945 | D:10     | Killed Maggie
 13232 | D:10     | Reached skill level 10 in Spellcasting
 13443 | D:11     | Noticed Josephine
 13458 | D:11     | Killed Josephine
 13724 | D:11     | Noticed a green ugly thing
 13769 | D:11     | Killed a green ugly thing
 13812 | D:11     | Your ally Josephine died
 14607 | D:12     | Noticed a boulder beetle
 14622 | D:12     | Killed a boulder beetle
 14623 | D:12     | Reached XP level 12. HP: 126/126 MP: 22/26
 14837 | D:12     | Learned a level 6 spell: Death Channel
 14922 | D:12     | Noticed a two-headed ogre
 14947 | D:12     | Killed a two-headed ogre
 14948 | D:12     | Reached skill level 11 in Spellcasting
 15044 | D:12     | Reached **** piety under Kikubaaqudgha
 15046 | D:12     | Found a frozen archway.
 15120 | D:12     | Noticed Lodul
 15134 | D:12     | Killed Lodul
 15154 | IceCv    | Entered an ice cave
 15381 | D:12     | Noticed Kirke
 15425 | D:12     | Reached skill level 10 in Summonings
 15442 | D:12     | Killed Kirke
 15703 | D:13     | Noticed a two-headed ogre
 15714 | D:13     | Killed a two-headed ogre
 15800 | D:13     | Noticed a boulder beetle
 15848 | D:13     | Killed a boulder beetle
 16545 | D:14     | Noticed a centaur warrior
 16545 | D:14     | Noticed a boulder beetle
 16545 | D:14     | Noticed Rupert
 16545 | D:14     | Noticed Azrael
 16545 | D:14     | Found a gate to the Vaults.
 16721 | Lair:1   | Entered Level 1 of the Lair of Beasts
 16801 | Lair:1   | Reached XP level 13. HP: 118/119 MP: 25/28
 16960 | Lair:1   | Reached skill level 12 in Spellcasting
 18196 | Lair:2   | HP: 5/133 [black mamba (10)]
 18197 | Lair:2   | HP: 2/133 [poisoned by a black mamba]
 18485 | Lair:2   | Found a staircase to the Snake Pit.
 19132 | Lair:3   | Reached ***** piety under Kikubaaqudgha
 19162 | Lair:3   | Found a staircase to the Shoals.
 19390 | Lair:3   | Found a dark tunnel.
 19939 | Lair:4   | Found a viscous altar of Jiyva.
 19967 | Lair:4   | Gained mutation: Your system is resistant to poisons.
                  | (rPois) [potion of mutation]
 19967 | Lair:4   | Gained mutation: Your muscles are strong. (Str +4, Int/Dex
                  | -1) [potion of mutation]
 19967 | Lair:4   | Gained mutation: Your natural rate of healing is unusually
                  | fast. [potion of mutation]
 20042 | Lair:4   | Found a staircase to the Slime Pits.
 20154 | Lair:4   | Reached skill level 13 in Spellcasting
 21038 | Lair:5   | Entered Level 5 of the Lair of Beasts
 21072 | Lair:5   | Reached XP level 14. HP: 40/143 MP: 25/31
 21094 | Lair:5   | Reached skill level 10 in Dodging
 21196 | Lair:5   | Found a runed translucent gate.
 21344 | Lair:5   | Found a runed translucent gate.
 21344 | Lair:5   | Found a runed translucent gate.
 21433 | Lair:5   | Learned a level 8 spell: Infestation
 21702 | Lair:5   | Noticed chippings's ghost (journeyman DrAl)
 21779 | Lair:5   | Reached ****** piety under Kikubaaqudgha
 21780 | Lair:5   | Reached skill level 10 in Necromancy
 21789 | Lair:5   | Reached skill level 14 in Spellcasting
 22853 | Lair:5   | Got the Omnibus of Battle Magic
 23181 | D:13     | HP: 5/141 [human (8)]
 23181 | D:13     | Mangled by a boulder beetle

Illustrated notes

Levels and vault maps discovered:
D:1:      dpeg_chamrin_arrival_tetris, layout_basic, serial_shops, shop,
          serial_forest, infiniplex_forest_lined_corner,
          infiniplex_forest_lined_room_2, infiniplex_forest_clump_C,
          infiniplex_forest_lined_3, infiniplex_forest_clump_double,
          ebering_ecumenical_altar_webs
D:2:      layout_basic
D:3:      layout_basic, nicolae_overflow_hallway_of_the_gods, serial_rivers,
          chequers_serial_rivers_small_a, chequers_serial_rivers_micro_e,
          chequers_serial_rivers_small_b, chequers_serial_rivers_large_b,
          chequers_serial_rivers_room_a
D:4:      cheibrodos_old_hovel, layout_loops_ring, serial_bayou_pond_d,
          uniq_edmund
D:5:      layout_rooms, grunt_temple_overflow_gold_and_silver, bloody_makhleb,
          dk_noncrumbling_4, minmay_manual_mess
D:6:      kennysheep_housing_project, layout_loops_ring, nicolae_shop_vocational
D:7:      minmay_the_grid_octo_triangle [minmay_the_grid_octo_77,
          minmay_the_grid_octo_prize_ultimate_mussel_roller,
          minmay_the_grid_octo_clover], layout_basic, minmay_temple_entry_waves,
          supply_closet_lemuel
D:8:      minmay_octagon_keep, layout_loops_ring,
          grunt_lair_entry_orc_guard_hut, kennysheep_cluttered_room
D:9:      layout_rooms, xom_shifter_show, lemuel_mausoleum_altar_yredelemnul,
          david_orc_3, minmay_door_square, library_closet, dk_vineyard_2,
          uniq_grum
D:10:     layout_roguey, uniq_maggie
D:11:     layout_loops_cross, uniq_josephine
D:12:     layout_rooms, portal_ice_cave_entry_imps, minmay_misc_feat_cross,
          uniq_lodul, uniq_kirke
D:13:     layout_basic
D:14:     layout_small_grid, david_vaults_3, serial_shops, shop,
          hangedman_abyss_or_decor_lesser_grid, uniq_frances, uniq_azrael
Temple:   hellmonk_temple_rainy
Lair:1:   layout_regular_city, infiniplex_staircase_pool_2, grunt_megastairs_4
Lair:2:   layout_hall_layers, nicolae_snake_entry_warm_welcome,
          chequers_serial_rivers_micro_e
Lair:3:   layout_hall_layers, minmay_shoals_entry_centaurs,
          lightli_volcano_entry_magma_tube, worms_lemuel
Lair:4:   layout_small_grid, nicolae_slime_entry_slimehenge, grunt_megastairs_1
Lair:5:   evilmike_catoblepas_cave, layout_small_grid,
          gammafunk_ghost_hydra_chop

Skill      XL: |  1  2  3  4  5  6  7  8  9 10 11 12 13 14 |
---------------+-------------------------------------------+-----
Spellcasting   | 3 4 5 6 8 9 10 11 13 14 | 14.8
Summonings     | 4 5 6 7 8 9 10 11 12 | 12.0
Fighting       | 1 2 3 4 6 8 10 | 10.0
Air Magic      | 1 2 4 5 |  5.0
Dodging        | 3 5 6 8 9 10 | 10.0
Necromancy     | 1 4 6 7 9 10 | 10.9
Stealth        | |  1.4

Action                     |  1- 3 |  4- 6 |  7- 9 | 10-12 | 13-15 || total
---------------------------+-------+-------+-------+-------+-------++-------
  Melee: Unarmed           |    27 |    20 |       |       |       ||    47
         Headbutt          |     3 |     2 |     9 |    30 |    34 ||    78
         Punch             |     1 |       |       |       |     2 ||     3
         Flail             |       |    10 |    32 |   137 |   120 ||   299
         Staff             |       |       |       |       |    30 ||    30
   Cast: Summon Small Mamm |    40 |    29 |    47 |   156 |    23 ||   295
         Call Imp          |    12 |    32 |    33 |   105 |    20 ||   202
         Call Canine Famil |     2 |    28 |    25 |    70 |    40 ||   165
         Summon Lightning  |       |     5 |    41 |    90 |    44 ||   180
         Summon Blazeheart |       |       |     5 |    12 |     1 ||    18
         Animate Dead      |       |       |       |    22 |    26 ||    48
         Death Channel     |       |       |       |     6 |    29 ||    35
         Haunt             |       |       |       |       |    15 ||    15
  Evoke: Wand              |       |       |       |     1 |       ||     1
    Use: Scroll            |       |     2 |    10 |     7 |    12 ||    31
         Potion            |       |       |     2 |     4 |     7 ||    13
   Stab: Sleeping          |       |     1 |     1 |       |       ||     2
         Distracted        |       |       |     1 |     5 |     5 ||    11
         Petrified         |       |       |       |       |     1 ||     1
 Armour: Robe              |    17 |    36 |    86 |   235 |   303 ||   677
         Skin              |       |       |       |     1 |       ||     1
  Dodge: Dodged            |    20 |    24 |    31 |   128 |   185 ||   388
